 Dungeon Crawl Stone Soup version 0.26-a0-597-gb535b0901c (webtiles) character file.

Game seed: 18440625700088356285

134 Flugslaktarn the Chopper (level 4, 0/44 HPs)
             Began as a Deep Dwarf Monk on Sept 14, 2020.
             Succumbed to Sigmund's poison
             ... on level 4 of the Dungeon.
             The game lasted 00:01:22 (1821 turns).

Flugslaktarn the Chopper (Deep Dwarf Monk)          Turns: 1821, Time: 00:01:22

Health: 0/44       AC:  9    Str: 15    XL:     4   Next: 95%
Magic:  4/4        EV:  7    Int: 11    God:
Gold:   116        SH:  0    Dex: 15    Spells: 3/3 levels left

rFire    . . .     SeeInvis .   i - +0 battleaxe
rCold    . . .     Faith    .   (shield currently unavailable)
rNeg     . . .     Spirit   .   e - +0 chain mail
rPois    .         Reflect  .   m - +0 helmet
rElec    .         Harm     .   (no cloak)
rCorr    .                      (no gloves)
MR       .....                  (no boots)
Stlth    ..........             (no amulet)
HPRegen  0.00/turn              k - ring of flight
MPRegen  0.09/turn              (no ring)

@: confused, mighty, lethally poisoned (0 -> -35), non-regenerating
A: damage resistance, heal wounds, sense surroundings 1, no regeneration
a: Heal Wounds, Evoke Flight


You were on level 4 of the Dungeon.
You visited 1 branch of the dungeon, and saw 4 of its levels.

You collected 116 gold pieces.

Inventory:

Hand Weapons
 a - a +0 hand axe
 i - a +0 battleaxe (weapon)
   (You found it on level 2 of the Dungeon)
Armour
 e - a +0 chain mail (worn)
   (You found it on level 2 of the Dungeon)
 m - a +0 helmet (worn)
   (You took it off Robin on level 2 of the Dungeon)
Jewellery
 k - a ring of flight (left hand)
   (You found it on level 2 of the Dungeon)
Scrolls
 d - 2 scrolls of identify {unknown}
 f - a scroll of immolation {unknown}
 g - a scroll of fog {unknown}
 n - a scroll of magic mapping {unknown}
 o - a scroll of random uselessness {unknown}
Potions
 b - a potion of flight {unknown}
 h - a potion of ambrosia {unknown}
 j - a potion of brilliance {unknown}


   Skills:
 * Level 3.9 Fighting
 * Level 4.6 Axes
 + Level 2.0 Armour
 - Level 3.2 Dodging
 - Level 2.4 Stealth


You had 3 spell levels left.
You didn't know any spells.
Your spell library was empty.

Dungeon Overview and Level Annotations

Branches:
Dungeon (4/15)
 Temple: D:4-7

Altars:

Annotations:
D:4 Sigmund


Innate Abilities, Weirdness & Mutations

You are resistant to damage.
You can heal yourself by infusing magical energy.
You passively map a small area around you.
You do not regenerate.


Message History

You feel very sick. Something hits you!
You are lethally poisoned!
You feel very sick. Something hits you but does no damage.
You are more poisoned.
Found 10 stones.
You're too confused to move!
You feel very sick.
You miss something.
* * * LOW HITPOINT WARNING * * *
You feel very sick. Something hits you.
You are more poisoned.
* * * LOW HITPOINT WARNING * * *
You feel very sick. Something hits you but does no damage.
You are more poisoned.
You're too confused to move!
You die...

, ≈ ,, ≈ ≈≈≈ ** * . .≈≈
, ≈ #≈ ≈≈ , , , * * ##.
##.######## , , ,
#...#...#..........# ,
........(...#......# , ,
,
............#......#..#
.......@....#.(....#..#
,
............#....[.#..##
,
#(..#...#{..#...........
##. ##.####.#...........
* ≈ ≈≈ #≈≈≈
,#.#<.......... ≈ ≈.≈≈≈
#.#.####...... ≈≈≈≈≈,
#.#........... * ,
P.≈≈≈P, #.#######..... ,
,.... #.#######.....


There were no monsters in sight!

Vanquished Creatures
  A centaur skeleton (D:4)
  Robin (D:2)
  4 adders (D:2)
  2 leopard geckos
  A ball python (D:2)
  8 bats
  A giant cockroach (D:2)
  10 goblins
  9 hobgoblins
  6 jackals (D:1)
  5 kobolds
  2 frilled lizards (D:2)
  A jackal skeleton (D:4)
  6 rats
57 creatures vanquished.

Vanquished Creatures (others)
  2 plants (D:4)
2 creatures vanquished.

Grand Total: 59 creatures vanquished

Notes
Turn   | Place    | Note
-------+----------+-------------------------------------------
     0 | D:1      | Flugslaktarn the Deep Dwarf Monk began the quest for the
                  | Orb.
     0 | D:1      | Reached XP level 1. HP: 20/20 MP: 1/1
   165 | D:1      | Reached XP level 2. HP: 17/27 MP: 2/2
   526 | D:1      | Reached skill level 1 in Armour
   711 | D:2      | Reached XP level 3. HP: 29/34 MP: 3/3
   715 | D:2      | Reached skill level 4 in Axes
  1084 | D:2      | Reached XP level 4. HP: 30/42 MP: 4/4
  1182 | D:2      | Noticed Robin
  1198 | D:2      | Killed Robin
  1797 | D:4      | Noticed Sigmund
  1821 | D:4      | Succumbed to Sigmund's poison

Illustrated notes

Levels and vault maps discovered:
D:1:      mainiacjoe_arrival_reflecting_pool, layout_loops_cross,
          serial_park_tiny_1, minmay_misc_feat_tower
D:2:      layout_loops_ring, minmay_tetromino_l4, uniq_robin
D:3:      layout_basic
D:4:      wad_lake_hut, layout_basic, uniq_sigmund

Skill      XL: |  1  2  3  4 |
---------------+-------------+-----
Fighting       | 3 |  3.9
Armour         | 1 2 |  2.0
Axes           | 4 |  4.6
Dodging        | |  3.2
Stealth        | |  2.4

Action                   |  1- 3 |  4- 6 || total
-------------------------+-------+-------++-------
Melee: Hand axe          |    92 |       ||    92
       Battleaxe         |    16 |    78 ||    94
 Abil: Heal Wounds       |     1 |     3 ||     4
  Use: Potion            |       |     3 ||     3
 Stab: Sleeping          |     4 |       ||     4
Armor: Robe              |     7 |       ||     7
       Chain mail        |    21 |    50 ||    71
Dodge: Dodged            |    66 |    37 ||   103

Table legend: (Time is in decaauts)
 A = Elapsed time spent in this place.
 B = Non-inter-level travel time spent in this place.
 C = Inter-level travel time spent in this place.
 D = Time resting spent in this place.
 E = Time spent auto-exploring this place.
 F = Levels seen in this place.
 G = Mean time per level.
                   A        B        C        D        E       F      G
               +--------+--------+--------+--------+--------+-----+--------+
         Total |   1874 |   1682 |    192 |      0 |   1256 |   4 |  468.5 |
       Dungeon |   1874 |   1682 |    192 |      0 |   1256 |   4 |  468.5 |
               +--------+--------+--------+--------+--------+-----+--------+

Top non-repeatable levels by time:
     D:2: 899 daAuts
     D:1: 678 daAuts
     D:3: 216 daAuts
     D:4: 79 daAuts
